 Dungeon Crawl Stone Soup version 0.18.1-6-gd335043 (webtiles) character file.

681 LORDOFBUTT the Chopper (level 7, -2/61 HPs)
             Began as a Minotaur Berserker on May 17, 2016.
             Was a Priest of Trog.
             Slain by PsiRedEye22's ghost (5 damage)
             ... on level 4 of the Dungeon on May 20, 2016.
             The game lasted 00:05:38 (2964 turns).

LORDOFBUTT the Chopper (Minotaur Berserker)         Turns: 2964, Time: 00:05:38

Health: -2/61      AC: 10    Str: 21    XL:     7   Next: 34%
Magic:  6/6        EV: 10    Int:  4    God:    Trog [***...]
Gold:   196        SH:  0    Dex: 12    Spells: 0 memorised, 6 levels left

rFire  + . .     SeeInvis .     a - +0 hand axe
rCold  . . .     Gourm    .     f - +0 chain mail
rNeg   . . .     Faith    .     (no shield)
rPois  +         Spirit   .     (helmet restricted)
rElec  .         Dismiss  .     m - +0 cloak
rCorr  .         Reflect  .     (no gloves)
SustAt .         Harm     .     (no boots)
MR     .....                    (no amulet)
Stlth  ..........               s - ring of poison resistance
                                e - ring of protection from fire

@: exhausted, not resistant to hostile enchantments, extremely unstealthy
A: retaliatory headbutt, horns 2
a: Berserk, Trog's Hand, Burn Spellbooks, Renounce Religion


You were on level 4 of the Dungeon.
You worshipped Trog.
Trog was most pleased with you.
You were full.

You visited 1 branch of the dungeon, and saw 4 of its levels.

You collected 196 gold pieces.

Inventory:

Hand Weapons
 a - a +0 hand axe (weapon)
Armour
 b - a +0 animal skin
 f - a +0 chain mail (worn)
 m - a +0 cloak (worn)
Jewellery
 e - a ring of protection from fire (left hand)
 s - a ring of poison resistance (right hand)
Scrolls
 h - a scroll of noise {unknown}
 k - a scroll of enchant weapon {unknown}
 n - 2 scrolls of teleportation
 q - a scroll of magic mapping {unknown}
 r - a scroll of fog {unknown}
 t - a scroll of identify {unknown}
Potions
 g - a potion of ambrosia {unknown}
 i - a potion of degeneration {unknown}
 j - a potion of haste {unknown}
 l - 2 potions of mutation {unknown}
 p - a potion of curing {unknown}
 u - a potion of resistance {unknown}
 v - a potion of magic {unknown}
Books
 w - a book of Power

   Spells                             Type                      Level
   a - Fulminant Prism                Conjuration/Hexes            4
   b - Iskenderun's Mystic Blast      Conjuration                  4
   c - Venom Bolt                     Conjuration/Poison           5
   d - Bolt of Magma                  Conjuration/Fire/Earth       5
   e - Iron Shot                      Conjuration/Earth            6
   f - Orb of Destruction             Conjuration                  7
   g - Spellforged Servitor           Conjuration/Summoning        7
   Trog disapproves of the use of such an item.
Comestibles
 c - a bread ration
 o - a royal jelly


   Skills:
 + Level 5.2 Fighting
 + Level 6.6 Axes
 * Level 4.2 Armour
 + Level 5.6 Dodging
 + Level 1.0 Stealth


You had 6 spell levels left.
You didn't know any spells.

Dungeon Overview and Level Annotations

Branches:
Dungeon (4/15)
 Temple: D:4-7

Altars:
Ashenzari
Okawaru
Pakellas
Qazlal
Sif Muna
Vehumet
Yredelemnul
Zin
The Shining One

Annotations:
D:4 PsiRedEye22's ghost, amateur GrFi


Innate Abilities, Weirdness & Mutations

You reflexively headbutt those who attack you in melee.
You have a pair of horns on your head.


Message History

Eat which item? (? for menu, Esc to quit)
You continue eating. x2
You finish eating.
That bread ration really hit the spot!
PsiRedEye22's ghost (amateur Gargoyle Fighter) comes into view.
PsiRedEye22's ghost turns its malevolent gaze towards you.
PsiRedEye22's ghost is nearby!
You are too injured to fight recklessly!
You are too injured to fight recklessly!
You are too injured to fight recklessly!
Read which item? (? for menu, Esc to quit)
As you read the scroll of teleportation, it crumbles to dust.
You feel strangely unstable. PsiRedEye22's ghost hits you!
* * * LOW HITPOINT WARNING * * *
You feel yourself speed up.
Your surroundings seem slightly different.
PsiRedEye22's ghost closely misses you. You furiously retaliate!
You headbutt PsiRedEye22's ghost, but do no damage.
PsiRedEye22's ghost hits you.
You die...

...# #........#..# .#(#
############........#..### ...#
#..........#.............. ##.#
##.########.#........#..#
#.####...## #.............###
#.#.##.#.#.######........).......
.###..........##................#
#.#.##.#.#.#...#W#.####.####(#..#
##.####...#.###.@#.# #.# .# .#
##.#####.##.# #ยง.#.# ... .# #
.........# .# #..### ##.## ##
##.....)## #. .#.# #.# ######.#
####.# #.# #.########.. #.#
#..........## #########..# ..


You could see PsiRedEye22's ghost.

Vanquished Creatures
  Menkaure (D:4)
  The ghost of Esekla the Ducker, an amateur DEWr (D:3)
  A phantom (D:4)
  An ogre (D:4)
  Jessica (D:2)
  2 worker ants
  Robin (D:3)
  3 gnolls (D:2)
  8 adders
  An ooze (D:1)
  A dart slug (D:1)
  4 giant geckos
  2 orcs (D:3)
  2 ball pythons
  7 giant cockroaches
  14 goblins
  10 hobgoblins
  8 jackals
  6 bats
  2 giant newts
  8 kobolds
  4 rats
  A spectral orc (D:3)
89 creatures vanquished.

Notes
Turn   | Place    | Note
--------------------------------------------------------------
     0 | D:1      | LORDOFBUTT the Minotaur Berserker began the quest for the Orb.
     0 | D:1      | Reached XP level 1. HP: 19/19 MP: 0/0
   264 | D:1      | Reached XP level 2. HP: 26/27 MP: 1/1
   396 | D:1      | Reached skill level 4 in Axes
   653 | D:2      | Found a shattered altar of Ashenzari.
   654 | D:2      | Found a deep blue altar of Sif Muna.
   655 | D:2      | Found a glowing golden altar of the Shining One.
   656 | D:2      | Found an oddly glowing altar of Pakellas.
   656 | D:2      | Found an iron altar of Okawaru.
   656 | D:2      | Found a stormy altar of Qazlal.
   656 | D:2      | Found a radiant altar of Vehumet.
   683 | D:2      | Reached ** piety under Trog
   683 | D:2      | Reached XP level 3. HP: 16/33 MP: 2/2
  1033 | D:2      | Reached XP level 4. HP: 41/41 MP: 3/3
  1142 | D:2      | Noticed Jessica
  1146 | D:2      | Killed Jessica
  1267 | D:2      | Found a glowing silver altar of Zin.
  1405 | D:2      | Reached XP level 5. HP: 47/47 MP: 4/4
  2090 | D:3      | Noticed Esekla's ghost (amateur DEWr)
  2091 | D:3      | Reached *** piety under Trog
  2125 | D:3      | Killed Esekla's ghost
  2125 | D:3      | Reached skill level 5 in Axes
  2125 | D:3      | Reached XP level 6. HP: 41/55 MP: 5/5
  2259 | D:3      | Noticed Robin
  2273 | D:3      | Killed Robin
  2453 | D:3      | Found a basalt altar of Yredelemnul.
  2675 | D:4      | Reached skill level 5 in Fighting
  2675 | D:4      | Reached skill level 5 in Dodging
  2711 | D:4      | Reached skill level 6 in Axes
  2882 | D:4      | Reached XP level 7. HP: 59/61 MP: 6/6
  2930 | D:4      | Noticed Menkaure
  2938 | D:4      | Killed Menkaure
  2938 | D:4      | Reached skill level 1 in Stealth
  2955 | D:4      | Noticed PsiRedEye22's ghost (amateur GrFi)
  2962 | D:4      | HP: 3/61 [PsiRedEye22's ghost (13)]
  2964 | D:4      | Slain by PsiRedEye22's ghost

Skill      XL: |  1  2  3  4  5  6  7 |
---------------+----------------------+-----
Fighting       | 4 5 |  5.2
Axes           | 4 5 6 |  6.6
Dodging        | 3 4 5 |  5.6
Armour         | 3 4 |  4.2
Stealth        | 1 |  1.0

Action                   |  1- 3 |  4- 6 |  7- 9 || total
-------------------------+-------+-------+-------++-------
Melee: Hand axe          |    79 |   150 |     3 ||   232
       Headbutt          |    13 |    26 |     1 ||    40
Invok: Berserk           |     1 |     2 |     1 ||     4
  Use: Scroll            |       |     1 |     1 ||     2
  Eat: Chunk             |       |     3 |       ||     3
       Meat ration       |       |     1 |       ||     1
       Pizza             |       |     1 |       ||     1
       Fruit             |       |       |     3 ||     3
       Bread ration      |       |       |     1 ||     1
Armor: Animal skin       |    14 |    13 |       ||    27
       Chain mail        |       |    30 |       ||    30
Dodge: Dodged            |    68 |    65 |     1 ||   134
